[Event "Titled Tuesday Blitz March 15 Late 2022"]
[White "Tabatabaei, M. Amin"]
[Black "Nakamura, Hikaru"]
[WhiteFideId "12521213"]
[BlackFideId "2016192"]
[WhiteElo "2544"]
[BlackElo "2850"]
[Result "1/2-1/2"]
[Round "08"]
[TimeControl "180+1"]
[Date "2022.03.15"]
[WhiteClock "0:00:02"]
[BlackClock "0:00:05"]

1. d4 f5 2. g3 Nf6 3. Bg2 g6 4. Nf3 Bg7 5. O-O O-O 6. b3 d6 7. Bb2 c6 8. Nbd2 a5 9. a4 Na6 10. e3 Kh8 11. Qe2 Be6 12. Rfe1 Nb4 13. Rac1 Na2 14. Ra1 Nb4 15. Rac1 Bg8 16. c3 Na6 17. Ba1 Qc7 18. c4 Nb4 19. e4 fxe4 20. Nxe4 Rae8 21. Neg5 e6 22. c5 h6 23. cxd6 Qxd6 24. Ne4 Nxe4 25. Qxe4 Bh7 26. Ne5 g5 27. Qe2 Kg8 28. Red1 Bf5 29. Bc3 Rd8 30. Qe1 Rfe8 31. Nc4 Qc7 32. Bxb4 axb4 33. Ne3 Qd6 34. Rc4 Bg6 35. Qxb4 Qxb4 36. Rxb4 Re7 37. Rc4 Red7 38. Bh3 Kf7 39. Kf1 Bxd4 40. Ke1 c5 41. Bg2 b6 42. Bf3 Kg7 43. Be2 Bf7 44. Rcc1 e5 45. Nc4 Bxc4 46. Bxc4 Bxf2+ 47. Ke2 Bd4 48. Rf1 e4 49. Rcd1 Re7 50. Rf5 Rd6 51. Rdf1 Bf6 52. Rd5 Rxd5 53. Bxd5 e3 54. Rf3 Bd4 55. Bc4 Rd7 56. g4 Be5 57. Rxe3 Bxh2 58. Rd3 Re7+ 59. Kf3 Be5 60. Rd8 Bc7 61. Rd3 Kf6 62. Re3 Be5 63. Rd3 Bd4 64. Kg2 Re2+ 65. Kf1 Rf2+ 66. Ke1 Rg2 67. Rf3+ Ke7 68. Rh3 Rxg4 69. Rxh6 Rg2 70. Kf1 Rf2+ 71. Ke1 g4 72. Rg6 Rf4 73. Be2 g3 74. Kd1 Bf2 75. Kc2 Kf7 76. Rg5 Kf6 77. Rg8 Rh4 78. Bf3 Ke5 79. Ba8 c4 80. bxc4 Rxc4+ 81. Kb3 Rc1 82. Bb7 Kd4 83. Rg4+ Ke3 84. Rg8 Ke2 85. Re8+ Kf1 86. Rg8 Rb1+ 87. Kc4 Be1 88. Bc6 Rc1+ 89. Kb5 Bf2 90. Bb7 Rc5+ 91. Kb4 Be1+ 92. Kb3 Re5 93. Ba6+ Kg1 94. Bb7 Re2 95. Kc4 g2 96. Kb5 Ba5 97. Rg6 Kf1 98. Rf6+ Rf2 99. Bxg2+ Kxg2 100. Rxb6 Rf5+ 101. Ka6 Be1 102. Rb5 Rf6+ 103. Kb7 Rf7+ 104. Ka6 Rf2 105. a5 Ra2 106. Kb6 Kf3 107. a6 Ke4 108. Kb7 Bf2 109. Rh5 Be3 110. Rb5 Ra1 111. Rb2 Kd5 112. Rb5+ Kd6 113. Rb3 Bc5 114. Rb5 Bg1 115. Rb2 Rf1 116. Rd2+ Ke6 117. Re2+ Kd5 118. Rd2+ Kc4 119. Rc2+ Kb5 120. Rb2+ Kc4 121. Rc2+ Kb4 122. Rb2+ Ka3 123. Rc2 Rf7+ 124. Rc7 Rf4 125. a7 Rb4+ 126. Kc8 Ra4 127. Kb8 Rb4+ 128. Kc8 Ra4 129. Kb8 Bh2 130. a8=Q Bxc7+ 131. Kb7 Ba5 132. Qf8+ Rb4+ 133. Ka6 Bb6 134. Qxb4+ Kxb4 1/2-1/2


[Site "https://www.chess.com"]

[Event "Titled Tuesday Blitz March 15 Late 2022"]
[White "Tang, Andrew"]
[Black "Aldokhin, Ivan"]
[WhiteFideId "2059630"]
[BlackFideId "24115720"]
[WhiteElo "2584"]
[BlackElo "2231"]
[Result "1-0"]
[Round "08"]
[TimeControl "180+1"]
[Date "2022.03.15"]
[WhiteClock "0:00:04"]
[BlackClock "0:00:02"]

1. d4 e6 2. Bf4 d5 3. e3 c5 4. Nf3 Nc6 5. Nbd2 cxd4 6. exd4 Bd6 7. Bg3 Nf6 8. c3 O-O 9. Ne5 Qc7 10. f4 Ne4 11. Bd3 f5 12. Qe2 Nxe5 13. fxe5 Be7 14. O-O Bg5 15. Bf4 Qe7 16. Qe3 Bxf4 17. Rxf4 Nxd2 18. Qxd2 g5 19. Rf2 Bd7 20. Raf1 Rf7 21. g4 f4 22. h4 Raf8 23. Bb1 gxh4 24. Rxf4 Rxf4 25. Rxf4 Rf7 26. Rxf7 Kxf7 27. Qh6 Kg8 28. g5 Be8 29. Bd3 a6 30. Kg2 Qf7 31. Qxh4 Bb5 32. Bxb5 axb5 33. Qg4 Qg6 34. Kh3 Qd3+ 35. Kh4 Kf7 36. Qf4+ Ke8 37. Qf2 Qe4+ 38. Kg3 Qd3+ 39. Kg4 Qe4+ 40. Kg3 Qd3+ 41. Qf3 Qg6 42. Kh4 Qc2 43. b4 Qb1 44. a3 Qc2 45. Kg4 Qb1 46. Kh5 Qg6+ 47. Kh4 Qc2 48. Qh3 Qf2+ 49. Kh5 Qf7+ 50. Kg4 Qf5+ 51. Kh4 Qe4+ 52. Qg4 Qe1+ 53. Qg3 Qe4+ 54. Kh5 Qg6+ 55. Kg4 Qf5+ 56. Kh4 Qe4+ 57. Qg4 Qe1+ 58. Kh5 Qh1+ 59. Qh4 Qb1 60. Qf4 Qg6+ 61. Kg4 Qc2 62. Qf3 Qg6 63. Qe2 Qb1 64. Qxb5+ Kd8 65. Qb6+ Ke7 66. Qd6+ Kf7 67. Qd7+ Kf8 68. Qd8+ Kf7 69. Qf6+ Kg8 70. Qxe6+ Kf8 71. Qc8+ Ke7 72. Qxb7+ Ke6 73. Qc6+ Ke7 74. Qd6+ Ke8 75. Qe6+ Kd8 76. Qg8+ Kc7 77. Qf7+ Kb6 78. Qf3 Qg6 79. Qxd5 Qd3 80. Qc5+ Kb7 81. Qe7+ Ka6 82. Qf6+ Kb5 83. Qf3 Qd2 84. e6 Qe1 85. d5 Qg1+ 86. Kf5 Qb1+ 87. Ke5 Qg6 88. Qe3 Qg7+ 89. Kf4 Qf8+ 90. Kg3 Qf5 91. e7 Qd3 92. Qxd3+ Ka4 93. e8=Q+ Kb3 94. c4+ 1-0


[Site "https://www.chess.com"]

[Event "Titled Tuesday Blitz March 15 Late 2022"]
[White "Van Foreest, Jorden"]
[Black "Nihal Sarin"]
[WhiteFideId "1039784"]
[BlackFideId "25092340"]
[WhiteElo "2609"]
[BlackElo "2705"]
[Result "0-1"]
[Round "08"]
[TimeControl "180+1"]
[Date "2022.03.15"]
[WhiteClock "0:00:02"]
[BlackClock "0:00:17"]

1. e4 Nf6 2. e5 Nd5 3. d4 d6 4. Nf3 dxe5 5. Nxe5 c6 6. Bc4 Nd7 7. Nf3 g6 8. O-O Bg7 9. Re1 O-O 10. Nbd2 N7f6 11. Bb3 Qc7 12. Nf1 Rd8 13. h3 e6 14. Bg5 Ne7 15. Qe2 h6 16. Bd2 Nf5 17. c3 b6 18. N1h2 c5 19. Ng4 cxd4 20. cxd4 Nxg4 21. hxg4 Nxd4 22. Nxd4 Rxd4 23. Rac1 Qe7 24. Bc3 Rd7 25. Ba4 Bxc3 26. Rxc3 Rc7 27. Bc6 Bb7 28. Bxb7 Rxb7 29. Rh3 Qg5 30. Qe4 Rab8 31. f4 Qxg4 32. Rxh6 Kg7 33. Rh3 Qf5 34. Qd4+ f6 35. Qd6 Re8 36. Rhe3 Rbe7 37. b4 Kf7 38. Qd4 Qd5 39. Qc3 Qxa2 40. Rh3 Kg7 41. Qg3 Qd5 42. Qh4 Rg8 43. Qh6+ Kf7 44. Kh2 Qf5 45. Rd1 g5 46. Qh5+ Qg6 47. fxg5 Qxh5 48. Rxh5 Rxg5 49. Rh8 Kg6 50. Rdd8 Rh5+ 51. Rxh5 Kxh5 52. Kg3 Kg5 53. Kf3 Kf5 54. b5 Rc7 55. Ra8 Rc3+ 56. Kf2 Rb3 57. Rxa7 Rxb5 58. Rb7 Rb2+ 59. Kf3 Rb3+ 60. Kf2 e5 61. Re7 b5 62. g4+ Kxg4 0-1


[Site "https://www.chess.com"]

[Event "Titled Tuesday Blitz March 15 Late 2022"]
[White "Van den Dikkenberg, Erik"]
[Black "Hess, Max"]
[WhiteFideId "1005880"]
[BlackFideId "24656666"]
[WhiteElo "2118"]
[BlackElo "2276"]
[Result "0-1"]
[Round "08"]
[TimeControl "180+1"]
[Date "2022.03.16"]
[WhiteClock "0:00:16"]
[BlackClock "0:01:08"]

1. e4 c6 2. d4 d5 3. exd5 cxd5 4. Bd3 Nf6 5. c3 Qc7 6. Ne2 Bg4 7. h3 Bh5 8. O-O e6 9. Qc2 Bd6 10. Bg5 Nbd7 11. Nd2 Bg6 12. f4 Bxd3 13. Qxd3 g6 14. Rae1 h6 15. Bxf6 Nxf6 16. Nf3 Ne4 17. Ne5 O-O-O 18. Ng3 f5 19. Nxe4 dxe4 20. Qb5 g5 21. Qb3 Rde8 22. Nc4 gxf4 23. Nxd6+ Qxd6 24. Qa4 Kb8 25. b4 f3 26. gxf3 Qg3+ 27. Kh1 Rhg8 0-1


[Site "https://www.chess.com"]

[Event "Titled Tuesday Blitz March 15 Late 2022"]
[White "Vargas Pereda, Jesus Manue"]
[Black "Andrews, Todd"]
[WhiteFideId "5115710"]
[BlackFideId "2012456"]
[WhiteElo "1861"]
[BlackElo "2297"]
[Result "0-1"]
[Round "08"]
[TimeControl "180+1"]
[Date "2022.03.16"]
[WhiteClock "0:01:07"]
[BlackClock "0:01:29"]

1. d4 Nf6 2. Bf4 d6 3. e3 Nbd7 4. Nf3 c5 5. c3 b6 6. Bd3 Bb7 7. Nbd2 e6 8. O-O cxd4 9. exd4 Be7 10. Nc4 Qc7 11. Re1 O-O 12. Qe2 Rfe8 13. h3 Rac8 14. Rad1 Qb8 15. Ne3 Qa8 16. Bg3 a6 17. Bb1 Bf8 18. Rd2 b5 19. Red1 Be4 20. Bxe4 Nxe4 21. Rd3 Nxg3 22. fxg3 g6 23. Qf2 Bg7 24. d5 e5 25. Nd2 Rf8 26. g4 Nc5 27. Nf3 Nxd3 28. Rxd3 e4 0-1


[Site "https://www.chess.com"]

[Event "Titled Tuesday Blitz March 15 Late 2022"]
[White "Vlassov, Nikolai"]
[Black "Weber, Samuel"]
[WhiteFideId "4103360"]
[BlackFideId "12924008"]
[WhiteElo "2407"]
[BlackElo "2215"]
[Result "0-1"]
[Round "08"]
[TimeControl "180+1"]
[Date "2022.03.16"]
[WhiteClock "0:00:54"]
[BlackClock "0:00:43"]

1. e4 e5 2. Bc4 Nf6 3. Nc3 Nxe4 4. Qh5 Nd6 5. Bb3 Be7 6. Nf3 Nc6 7. d3 O-O 8. Ng5 h6 9. h4 Nd4 10. Qg6 Bxg5 11. Bxg5 Nxb3 12. Qh5 f6 13. axb3 fxg5 14. hxg5 Qxg5 15. Qxg5 hxg5 16. Nd5 Ne8 17. Rh5 c6 18. Ne7+ Kf7 19. Nxc8 Rxc8 20. Rxa7 Kg6 21. Rh3 Nd6 22. c4 Ra8 23. Rxa8 Rxa8 24. Kd2 Rf8 25. f3 Ra8 26. Rh1 Nf5 27. c5 Nd4 28. b4 b6 29. Re1 Kf6 30. cxb6 Rb8 31. Kc3 Rxb6 32. Ra1 Rxb4 33. Ra7 Nb5+ 34. Kxb4 Nxa7 35. Kc5 Nc8 0-1


[Site "https://www.chess.com"]

[Event "Titled Tuesday Blitz March 15 Late 2022"]
[White "Vokhidov, Shamsiddin"]
[Black "Urazayev, Arystanbek"]
[WhiteFideId "14204223"]
[BlackFideId "13709810"]
[WhiteElo "2611"]
[BlackElo "2393"]
[Result "0-1"]
[Round "08"]
[TimeControl "180+1"]
[Date "2022.03.15"]
[WhiteClock "0:00:51"]
[BlackClock "0:01:26"]

1. e4 c6 2. d4 d5 3. e5 c5 4. Nf3 cxd4 5. Nxd4 Nc6 6. Nxc6 bxc6 7. Bd3 e6 8. O-O Ne7 9. Nd2 a5 10. Nf3 Ng6 11. c4 Ba6 12. Qc2 Be7 13. Rd1 O-O 14. Be3 Qb8 15. b3 Nxe5 16. Nxe5 Qxe5 17. Bxh7+ Kh8 18. Bd4 Qh5 19. Bd3 c5 20. Bb2 d4 21. Re1 Bb7 22. Be4 Bxe4 23. Rxe4 Bf6 24. Qd3 g6 25. Rae1 Kg7 26. Bc1 Rh8 27. Bf4 Qf5 28. Qg3 a4 29. Bd6 axb3 30. axb3 Qxe4 0-1


[Site "https://www.chess.com"]

[Event "Titled Tuesday Blitz March 15 Late 2022"]
[White "Vovk, Orest"]
[Black "Sanchez Alvares, Kelvin Antonio"]
[WhiteFideId "14113490"]
[BlackFideId "3906680"]
[WhiteElo "2203"]
[BlackElo "2193"]
[Result "0-1"]
[Round "08"]
[TimeControl "180+1"]
[Date "2022.03.16"]
[WhiteClock "0:00:04"]
[BlackClock "0:00:11"]

1. h4 d5 2. h5 Bg4 3. Rh4 Bf5 4. g4 e5 5. Nf3 Be4 6. Rh3 Nd7 7. d3 Bxf3 8. Rxf3 Ngf6 9. Rg3 h6 10. Bg2 c6 11. e4 Qa5+ 12. Qd2 Qc7 13. Nc3 d4 14. Ne2 Nc5 15. f4 exf4 16. Nxf4 Bd6 17. Qf2 Ne6 18. Nxe6 fxe6 19. Rf3 Nxg4 20. Qh4 Ne5 21. Rf2 Nxd3+ 22. cxd3 Bg3 23. Qg4 Bxf2+ 24. Kxf2 Qf7+ 25. Ke2 O-O 26. Bf3 c5 27. Bxh6 Qxf3+ 28. Qxf3 Rxf3 29. Kxf3 gxh6 30. Rg1+ Kf7 31. Rg6 b5 32. Rxh6 c4 33. Ke2 Rg8 34. Rh7+ Kf6 35. dxc4 bxc4 36. Kf3 Ke5 37. Rxa7 Rf8+ 38. Ke2 Kxe4 39. h6 e5 40. h7 d3+ 41. Ke1 Ke3 42. Rd7 e4 43. a4 Rb8 44. Kf1 d2 45. a5 Rh8 46. a6 Rxh7 47. Rd8 Rf7+ 48. Kg2 Rf6 49. a7 Ra6 0-1


[Site "https://www.chess.com"]

[Event "Titled Tuesday Blitz March 15 Late 2022"]
[White "Vusatiuk, Vladimir"]
[Black "Lock, Gavin R"]
[WhiteFideId "14118610"]
[BlackFideId "408646"]
[WhiteElo "2157"]
[BlackElo "2104"]
[Result "1-0"]
[Round "08"]
[TimeControl "180+1"]
[Date "2022.03.16"]
[WhiteClock "0:00:12"]
[BlackClock "0:00:04"]

1. a4 d5 2. h4 e5 3. a5 a6 4. h5 h6 5. e3 Nc6 6. d3 f5 7. Nf3 Nf6 8. Nh4 Bb4+ 9. Bd2 Bxd2+ 10. Nxd2 O-O 11. Ng6 Re8 12. c3 Be6 13. d4 Bf7 14. dxe5 Nxe5 15. Nxe5 Rxe5 16. Be2 f4 17. exf4 Re7 18. Kf1 Qd6 19. g3 Rae8 20. Bf3 c6 21. Kg2 Qc7 22. Nb3 Ne4 23. Nd4 Nd6 24. b4 Qc8 25. Qd3 Kh8 26. Bd1 Bg8 27. Bc2 Ne4 28. Rae1 c5 29. bxc5 Qxc5 30. Re3 Rf8 31. f3 Nf6 32. Rxe7 Qxe7 33. Rb1 Rc8 34. Nf5 Qc7 35. Rb6 Qxc3 36. Nxh6 Qxd3 37. Bxd3 gxh6 38. Rxf6 Rc3 39. Rxh6+ Kg7 40. Rg6+ Kf8 41. Bf5 Bf7 42. Rb6 Ra3 43. Rxb7 Rxa5 44. h6 d4 45. h7 Kg7 46. Rxf7+ Kxf7 47. h8=Q 1-0


[Site "https://www.chess.com"]

[Event "Titled Tuesday Blitz March 15 Late 2022"]
[White "Yang, Kaiqi"]
[Black "Kamsky, Gata"]
[WhiteFideId "8604398"]
[BlackFideId "2000024"]
[WhiteElo "2373"]
[BlackElo "2645"]
[Result "1/2-1/2"]
[Round "08"]
[TimeControl "180+1"]
[Date "2022.03.15"]
[WhiteClock "0:00:12"]
[BlackClock "0:00:10"]

1. e4 g6 2. d4 Bg7 3. Nc3 d6 4. Be3 a6 5. Qd2 b5 6. Bd3 Nd7 7. a4 b4 8. Nce2 c5 9. Nf3 Qc7 10. c3 bxc3 11. bxc3 Ngf6 12. h3 O-O 13. O-O Bb7 14. Ng3 d5 15. e5 Ne4 16. Bxe4 dxe4 17. Ng5 Nb6 18. Qe2 Nd5 19. N5xe4 cxd4 20. cxd4 Nxe3 21. Qxe3 Rfd8 22. Rfc1 Qa5 23. Nc5 Bd5 24. Ne2 Rac8 25. h4 h5 26. Rc3 e6 27. Rac1 Rb8 28. Kh2 Ba8 29. f3 Rb2 30. R1c2 Rxc2 31. Rxc2 Kh7 32. Ne4 Qxa4 33. Ng5+ Kg8 34. Rc7 Rf8 35. Nf4 Qa5 36. Qc3 Qxc3 37. Rxc3 Bh6 38. Rc7 Bxg5 39. hxg5 Rd8 40. Ra7 Bc6 41. Rxa6 Bb5 42. Ra5 Rxd4 43. Nxe6 fxe6 44. Rxb5 Rf4 45. Kg3 Rf5 46. f4 Rf8 47. Rb7 Rd8 48. Kf3 Kf8 49. g3 Rd3+ 50. Kf2 Rc3 51. Rb6 Kf7 52. Rb7+ Kf8 53. Kg2 Rd3 54. Kh3 Re3 55. Kg2 Rd3 56. Kf2 Rc3 1/2-1/2


[Site "https://www.chess.com"]

[Event "Titled Tuesday Blitz March 15 Late 2022"]
[White "Yedidia, Daniel"]
[Black "Marson, Juan Miguel"]
[WhiteFideId "30905907"]
[BlackFideId "106585"]
[WhiteElo "2499"]
[BlackElo "2053"]
[Result "1-0"]
[Round "08"]
[TimeControl "180+1"]
[Date "2022.03.16"]
[WhiteClock "0:00:52"]
[BlackClock "0:00:09"]

1. d4 Nf6 2. c4 g6 3. Nc3 Bg7 4. e4 d6 5. Nf3 O-O 6. Be2 e5 7. Be3 Ng4 8. Bg5 f6 9. Bh4 Nc6 10. O-O g5 11. Bg3 Nh6 12. d5 Ne7 13. Ne1 Ng6 14. Nd3 Nf4 15. b4 f5 16. f3 Nxe2+ 17. Qxe2 g4 18. fxg4 f4 19. Bf2 Nxg4 20. h3 Nh6 21. Ne1 Qg5 22. Nf3 Qg6 23. Kh2 Kh8 24. c5 Qh5 25. Kg1 Rg8 26. Nh4 Qf7 27. cxd6 cxd6 28. Nb5 Bf8 29. Kh2 a6 30. Na3 Bd7 31. Rac1 Rc8 32. Rxc8 Bxc8 33. Rc1 Bg7 34. Nc4 Qe7 35. Nb6 Bxh3 36. gxh3 Bf6 37. Nf3 Nf7 38. Rg1 Rxg1 39. Nxg1 Ng5 40. Qg4 Qf7 41. Qf5 Kg7 42. Nd7 Be7 43. Qxf7+ Kxf7 44. Bh4 Nxe4 45. Bxe7 Kxe7 46. Nb6 Nc3 47. a4 Kd8 48. a5 Kc7 49. Kg2 e4 50. Kf2 h5 51. h4 Na2 52. Nh3 e3+ 53. Kf3 Nxb4 54. Nxf4 Nc2 55. Nxh5 Kd8 56. Ng3 Ke7 57. Nf5+ Kf6 58. Nxe3 Nd4+ 59. Ke4 Nb3 60. Nbc4 Nc5+ 61. Kf4 Ke7 62. h5 Nd3+ 63. Kf5 Kf7 64. Nxd6+ Kg7 65. Nxb7 Nc5 66. Nxc5 Kh6 67. Kg4 Kg7 68. Kg5 Kh7 69. Nf5 Kh8 70. Kg6 Kg8 71. Ne6 Kh8 72. d6 Kg8 73. d7 Kh8 74. d8=Q# 1-0


[Site "https://www.chess.com"]

[Event "Titled Tuesday Blitz March 15 Late 2022"]
[White "Zomorrodian, Eilia"]
[Black "Xu, Yi"]
[WhiteFideId "12551805"]
[BlackFideId "8605564"]
[WhiteElo "2098"]
[BlackElo "2471"]
[Result "0-1"]
[Round "08"]
[TimeControl "180+1"]
[Date "2022.03.15"]
[WhiteClock "0:00:05"]
[BlackClock "0:00:15"]

1. e4 c5 2. Nf3 d6 3. Bb5+ Nd7 4. O-O a6 5. Bd3 Ngf6 6. c3 e6 7. Bc2 c4 8. b3 b5 9. Re1 Bb7 10. b4 g6 11. a4 Bg7 12. Na3 Bc6 13. d4 cxd3 14. Bxd3 bxa4 15. Nc4 Nb6 16. Na5 Bd7 17. Bf4 e5 18. Be3 O-O 19. h3 Qc7 20. Qd2 Rfe8 21. c4 Bc6 22. c5 dxc5 23. Bxc5 Bb5 24. Qe3 Nbd7 25. Rec1 Nxc5 26. Rxc5 Qd7 27. Nxe5 Rxe5 28. Bxb5 axb5 29. Rxe5 Ng4 30. hxg4 Bxe5 31. Rc1 Qxg4 32. g3 Bb2 33. Rc7 a3 34. Qb3 Qe6 35. Qc2 Be5 36. Rc6 a2 37. Nb3 Qxb3 38. Qxb3 a1=Q+ 39. Kg2 Qd4 40. Qf3 Rf8 41. Rc5 Rb8 42. Rd5 Qc3 43. Qg4 Bg7 44. Qd7 Qxb4 45. f3 Qb2+ 46. Kh3 b4 47. Qc7 Rf8 48. Rb5 Qc3 49. Qb7 Qxf3 50. Rxb4 Qh1+ 51. Kg4 f5+ 52. exf5 Qh5+ 53. Kf4 Qxf5+ 54. Ke3 Qc5+ 55. Kd3 Rd8+ 56. Ke2 Qc2+ 57. Kf3 Qd3+ 58. Kg4 Qe2+ 59. Kf4 Rf8+ 60. Kg5 Qh5# 0-1


[Site "https://www.chess.com"]

[Event "Titled Tuesday Blitz March 15 Late 2022"]
[White "Abdyzhapar, Asylbek"]
[Black "Taichman, Ori"]
[WhiteFideId "13800337"]
[BlackFideId "2804069"]
[WhiteElo "2331"]
[BlackElo "2227"]
[Result "1-0"]
[Round "09"]
[TimeControl "180+1"]
[Date "2022.03.15"]
[WhiteClock "0:01:23"]
[BlackClock "0:00:18"]

1. d4 Nf6 2. Bf4 g6 3. e3 Bg7 4. Nd2 d6 5. h3 O-O 6. Ngf3 Nc6 7. Be2 Nd7 8. Bh2 e5 9. O-O f5 10. c3 e4 11. Ne1 Nf6 12. f3 Qe7 13. fxe4 Nxe4 14. Nxe4 fxe4 15. Rxf8+ Bxf8 16. Nc2 Bh6 17. Qe1 Be6 18. c4 Bf5 19. b4 Rf8 20. c5 d5 21. b5 Nd8 22. Qa5 Ne6 23. Rf1 Ng5 24. Qxc7 Nf3+ 25. gxf3 Qg5+ 26. Qg3 exf3 27. Bxf3 Bxc2 28. Qxg5 Bxg5 29. Bxd5+ Kg7 30. Be5+ Bf6 31. Rxf6 Rxf6 32. Bxb7 Kf7 33. Bxf6 Kxf6 34. Kf2 Ke7 35. b6 axb6 36. cxb6 Kd7 37. e4 g5 38. e5 h5 39. Kg3 Bf5 40. a4 h4+ 41. Kh2 g4 42. hxg4 Bxg4 43. a5 Be2 44. a6 Bxa6 45. Bxa6 Kc6 46. b7 Kc7 47. e6 h3 48. e7 Kd6 49. b8=Q+ Kd5 50. e8=Q 1-0


[Site "https://www.chess.com"]

[Event "Titled Tuesday Blitz March 15 Late 2022"]
[White "Albuquerque Junior,Wellington S."]
[Black "Ciolek, Andreas"]
[WhiteFideId "2151480"]
[BlackFideId "12906727"]
[WhiteElo "2042"]
[BlackElo "2215"]
[Result "1-0"]
[Round "09"]
[TimeControl "180+1"]
[Date "2022.03.16"]
[WhiteClock "0:00:20"]
[BlackClock "0:00:17"]

1. c4 Nf6 2. g3 g6 3. Bg2 Bg7 4. Nc3 O-O 5. e4 d6 6. d3 c5 7. Nge2 Nc6 8. O-O a6 9. h3 Ne8 10. Be3 Nd4 11. f4 Nc7 12. Rb1 Rb8 13. b4 b5 14. bxc5 dxc5 15. e5 Be6 16. Ne4 bxc4 17. Rxb8 Qxb8 18. Nxc5 Nxe2+ 19. Qxe2 cxd3 20. Qxd3 Bxa2 21. Ra1 Qb2 22. Bd4 Qb4 23. Rxa2 Rd8 24. Rd2 Nb5 25. Nxa6 Qxd4+ 26. Qxd4 Nxd4 27. Kf2 Bf8 28. Be4 Ne6 29. Rxd8 Nxd8 30. Nc5 e6 31. Nd7 Be7 32. Kf3 Kg7 33. g4 f5 34. exf6+ Bxf6 35. Nxf6 Kxf6 36. Ke3 Nf7 37. g5+ Ke7 38. Kf3 Nd6 39. Bd3 Nb7 40. Kg4 Nc5 41. Bc2 Nd7 42. h4 Kf7 43. h5 Nf8 44. hxg6+ hxg6 45. f5 gxf5+ 46. Bxf5 e5 47. Kf3 Ne6 48. Bxe6+ Kxe6 49. Ke4 Kf7 50. Kxe5 Kg6 51. Kf4 Kg7 52. Kf5 Kf7 53. Kg4 Kg8 54. Kh4 Kh8 55. Kh5 Kh7 56. g6+ Kg7 57. Kg5 Kg8 58. Kg4 Kf8 59. Kf5 Kg7 60. Kg5 Kg8 61. Kf5 Kf8 62. Kf6 Kg8 63. Kg5 Kg7 64. Kh5 Kh8 65. Kh6 Kg8 66. g7 Kf7 67. Kh7 Kf6 68. g8=Q Ke5 69. Qf7 Kd4 70. Qe6 Kc3 71. Qd5 Kc2 72. Qd4 Kc1 73. Qe3+ Kb1 74. Kg6 Ka1 75. Kf5 Kb1 76. Ke4 Ka1 77. Kd4 Kb1 78. Kc3 Ka1 79. Qe2 Kb1 80. Qb2# 1-0


[Site "https://www.chess.com"]

[Event "Titled Tuesday Blitz March 15 Late 2022"]
[White "Aldokhin, Ivan"]
[Black "Ibarra Jerez, Jose Carlos"]
[WhiteFideId "24115720"]
[BlackFideId "2226332"]
[WhiteElo "2231"]
[BlackElo "2626"]
[Result "0-1"]
[Round "09"]
[TimeControl "180+1"]
[Date "2022.03.15"]
[WhiteClock "0:00:02"]
[BlackClock "0:00:46"]

1. d4 d5 2. c4 dxc4 3. e4 Nf6 4. e5 Nd5 5. Bxc4 Bf5 6. Nc3 c6 7. Nge2 e6 8. O-O Be7 9. Ng3 Bg6 10. Bb3 O-O 11. Qe2 Nd7 12. Be3 N7b6 13. Rad1 Qd7 14. f4 Rad8 15. f5 exf5 16. Nxd5 Nxd5 17. Bc1 Qe6 18. a3 f4 19. Nh5 Bg5 20. Bxd5 Rxd5 21. Nxf4 Bxf4 22. Rxf4 Rfd8 23. Be3 c5 24. Re1 cxd4 25. Bd2 h6 26. h4 Re8 27. Qf2 Qb6 28. Kh2 Qxb2 29. h5 Bxh5 0-1


[Site "https://www.chess.com"]

[Event "Titled Tuesday Blitz March 15 Late 2022"]
[White "Ambartsumova, Karina"]
[Black "Cervantes Landeiro, Thalia"]
[WhiteFideId "4166299"]
[BlackFideId "3520498"]
[WhiteElo "2262"]
[BlackElo "2021"]
[Result "1-0"]
[Round "09"]
[TimeControl "180+1"]
[Date "2022.03.15"]
[WhiteClock "0:00:08"]
[BlackClock "0:00:05"]

1. c4 e5 2. Nc3 Nc6 3. Nf3 Nf6 4. a3 d5 5. cxd5 Nxd5 6. Qc2 Be6 7. e4 Nb6 8. Bb5 Bd6 9. d4 exd4 10. Nxd4 Bd7 11. Nxc6 bxc6 12. Be2 O-O 13. O-O a5 14. f4 Qe7 15. e5 Bc5+ 16. Kh1 Nd5 17. Ne4 Bf5 18. Bd3 Bxe4 19. Bxe4 g6 20. Bd2 Ne3 21. Bxe3 Bxe3 22. Bxc6 Rab8 23. Rae1 Bd4 24. b3 Qc5 25. Qxc5 Bxc5 26. Bd5 Bxa3 27. f5 Bb4 28. Rc1 Rbd8 29. Rcd1 Bc3 30. fxg6 hxg6 31. Bxf7+ Kg7 32. e6 Rxd1 33. Rxd1 Bf6 34. g3 Rd8 35. Rc1 Be5 36. Rc2 Kf6 37. Rc5 Rd1+ 38. Kg2 Rd2+ 39. Kh3 Bd6 40. Rxa5 Rb2 41. Rb5 g5 42. Bg8 Ke7 43. Rxg5 Rxb3 44. Bf7 Rb2 45. Rg8 Kf6 46. Rg6+ Ke7 47. Rh6 c5 48. Kg4 c4 49. Rh7 c3 50. Bg8+ Kf8 51. Rd7 Be7 52. Bh7 c2 53. Rc7 Bd6 54. Rxc2 Rxc2 55. Bxc2 Ke7 56. Bf5 Be5 57. Kf3 Bf6 58. h4 Bc3 59. g4 Kf6 60. Kf4 Bd2+ 61. Ke4 Bb4 62. g5+ Kg7 63. Kf4 Be7 64. Kg4 Bd6 65. h5 Be7 66. h6+ Kh8 67. Kh5 Bd6 68. Kg6 Be7 69. Kh5 Bf8 70. g6 Be7 71. g7+ Kg8 72. Kg6 Bf6 73. h7# 1-0


[Site "https://www.chess.com"]

[Event "Titled Tuesday Blitz March 15 Late 2022"]
[White "Andreikin, Dmitry"]
[Black "Tabatabaei, M. Amin"]
[WhiteFideId "4158814"]
[BlackFideId "12521213"]
[WhiteElo "2736"]
[BlackElo "2544"]
[Result "1-0"]
[Round "09"]
[TimeControl "180+1"]
[Date "2022.03.15"]
[WhiteClock "0:01:20"]
[BlackClock "0:00:21"]

1. e4 e6 2. d4 d5 3. Nd2 Be7 4. c3 c5 5. dxc5 Nf6 6. exd5 Qxd5 7. Ngf3 Qxc5 8. Bd3 O-O 9. O-O Qc7 10. Qe2 b6 11. Ne4 Nbd7 12. Nxf6+ Nxf6 13. Ne5 Bb7 14. Bf4 Bd6 15. Rad1 Rad8 16. Bb1 h6 17. Rfe1 Ba8 18. Qc2 Qb7 19. f3 Bc7 20. Nd7 Rxd7 21. Rxd7 Bxf4 22. Rxb7 Bxb7 23. Rd1 g6 24. Qa4 Nd5 25. Be4 Be3+ 26. Kh1 a6 27. c4 b5 28. Qb3 1-0


[Site "https://www.chess.com"]

[Event "Titled Tuesday Blitz March 15 Late 2022"]
[White "Andrews, Todd"]
[Black "Donatti, Alvaro"]
[WhiteFideId "2012456"]
[BlackFideId "3000303"]
[WhiteElo "2298"]
[BlackElo "2138"]
[Result "1-0"]
[Round "09"]
[TimeControl "180+1"]
[Date "2022.03.16"]
[WhiteClock "0:01:07"]
[BlackClock "0:00:15"]

1. d4 Nf6 2. c4 g6 3. Nc3 d5 4. cxd5 Nxd5 5. e4 Nxc3 6. bxc3 Bg7 7. Nf3 c5 8. Rb1 O-O 9. Be2 Qa5 10. Bd2 Qxa2 11. O-O Nc6 12. d5 Ne5 13. Nxe5 Bxe5 14. f4 Bg7 15. Kh1 e6 16. c4 exd5 17. cxd5 Re8 18. Bf3 c4 19. Qc1 b5 20. Rxb5 c3 21. Bxc3 Qc4 22. Bxg7 Qxb5 23. Ba1 Ba6 24. Rd1 Rac8 25. Qe3 Qa4 26. d6 Rcd8 27. Qc3 Qxa1 28. Qxa1 Bc4 29. e5 Be6 30. Bc6 Rf8 31. h3 Rc8 32. Bd5 Bd7 33. Qxa7 Bf5 34. Re1 Rc2 35. e6 fxe6 36. Rxe6 Bxe6 37. Bxe6+ Kh8 38. Qd4+ Rf6 39. Qxf6# 1-0


[Site "https://www.chess.com"]

[Event "Titled Tuesday Blitz March 15 Late 2022"]
[White "Arabidze, Meri"]
[Black "Janaszak, Dawid"]
[WhiteFideId "13604040"]
[BlackFideId "1119206"]
[WhiteElo "2335"]
[BlackElo "2199"]
[Result "1-0"]
[Round "09"]
[TimeControl "180+1"]
[Date "2022.03.15"]
[WhiteClock "0:00:32"]
[BlackClock "0:00:16"]

1. Nf3 c5 2. e3 g6 3. d4 Bg7 4. c4 cxd4 5. exd4 Nf6 6. Nc3 d5 7. cxd5 Nxd5 8. Bb5+ Nc6 9. O-O O-O 10. Re1 Bg4 11. Bxc6 bxc6 12. Be3 Rb8 13. Na4 Qa5 14. b3 Rfd8 15. h3 Bf5 16. Qd2 Qxd2 17. Bxd2 Kf8 18. Ne5 Bd7 19. Rac1 Rbc8 20. Nc5 Be8 21. Nb7 Bxe5 22. Nxd8 Bxd4 23. Nb7 c5 24. Na5 Rd8 25. Nc4 e5 26. Nxe5 Nb4 27. Bxb4 cxb4 28. Red1 Ke7 29. Nf3 Bb6 30. Rxd8 Kxd8 31. Ne5 a5 32. g4 f6 33. Nc4 Bc7 34. Rd1+ Ke7 35. Kg2 Bc6+ 36. f3 a4 37. bxa4 Bxa4 38. Rb1 Bc6 39. Rxb4 Bd5 40. a4 Kd7 41. Nb6+ Kc6 42. Nxd5 Kxd5 43. a5 1-0


[Site "https://www.chess.com"]